 Dungeon Crawl Stone Soup version 0.31-a0-1104-g3bd3108 (webtiles) character file.

Game seed: 3155710643591642179

2036686 Kearsarge the Intangible (level 25, 129/129 HPs)
             Began as a Felid Shapeshifter on Dec 2, 2023.
             Was an Initiate of Gozag.
             Escaped with the Orb
             ... and 3 runes!
             The game lasted 01:22:56 (46541 turns).

Kearsarge the Intangible (Felid Shapeshifter)      Turns: 46541, Time: 01:22:57

Health: 129/129    AC: 15    Str:  9    XL:     25   Next: 55%
Magic:  24/24      EV: 91    Int: 13    God:    Gozag
Gold:   1959       SH:  0    Dex: 36    Spells: 24/24 levels left
                                        Lives:  1   Deaths: 4

rFire   + .          .
                       - Unarmed
rCold   + + .        (shield unavailable)
rNeg    + + .        (body armour unavailable)
rPois   ∞            (helmet unavailable)
rElec   +            (cloak unavailable)
rCorr   .            (gloves unavailable)
SInv    +            (boots unavailable)
Will    +++..        C - amulet of regeneration
Stlth   +++          P - ring "Siedghon" {rPois rC+++ Str-4 Dex+7}
HPRegen 1.21/turn    S - ring "Kupin" {Fire rN++ Str+3 Dex+3 Stlth+}
MPRegen 0.19/turn

%: no passive effects
@: storm-form, flying, studying 2 skills
A: cleaving, insubstantial, flying, very small, (claws 1), (fangs 3), see
invisible, (speed 1), (shaggy fur 3), (stealthy paws), no weapons or thrown
items, no armour, multi-lived
0: Orb of Zot
}: 3/15 runes: barnacled, silver, gossamer
a: Blinkbolt, Begin Untransformation, Renounce Religion, Potion Petition, Call
Merchant, Bribe Branch


You escaped.
You worshipped Gozag.
Gozag was most pleased with you.
You were a lightning-filled tempest!
You visited 9 branches of the dungeon, and saw 45 of its levels.
You visited 1 ziggurat, and saw 6 of its levels.
You also visited: Bailey, Gauntlet and Desolation.

You collected 24616 gold pieces.
You spent 5365 gold pieces at shops.
You paid 17292 gold pieces to Gozag.

Inventory:

Jewellery
 a - the ring "Emy Ymus" {rElec rF+ rC+ Str+4}
   (You took it off a ragged hierophant in the Desolation of Salt)

   [ring of protection from cold]

   Str+4:     It affects your strength (+4).
   rF+:       It protects you from fire.
   rC+:       It protects you from cold.
   rElec:     It insulates you from electricity.
 j - an amulet of reflection
 v - a ring of resist corrosion
 z - a ring of willpower
 C - an amulet of regeneration (around neck)
 P - the ring "Siedghon" (left paw) {rPois rC+++ Str-4 Dex+7}
   (You bought it in a shop on level 1 of the Spider Nest)

   [ring of poison resistance]

   Str-4:     It affects your strength (-4).
   Dex+7:     It affects your dexterity (+7).
   rC+++:     It renders you almost immune to cold.
   rPois:     It protects you from poison
 S - the ring "Kupin" (right paw) {Fire rN++ Str+3 Dex+3 Stlth+}
   (You bought it in a shop on level 2 of the Orcish Mines)

   [ring of fire]

   Fire:      It enhances your fire magic.
   Str+3:     It affects your strength (+3).
   Dex+3:     It affects your dexterity (+3).
   rF+:       It protects you from fire.
   rC-:       It makes you vulnerable to cold.
   rN++:      It greatly protects you from negative energy.
   Stlth+:    It makes you more stealthy.
 U - a ring of ice
 Y - the ring of Neplime {Will+ Str+3 Dex+3}
   (You found it on level 5 of the Vaults)

   [ring of willpower]

   Str+3:     It affects your strength (+3).
   Dex+3:     It affects your dexterity (+3).
   Will+:     It increases your willpower.
Talismans
 K - a storm talisman (active)
Wands
 k - a wand of roots (33)
 w - a wand of flame (65)
 x - a wand of polymorph (29)
 E - a wand of charming (46)
 H - a wand of acid (32)
 L - a wand of digging (10)
 O - a wand of mindburst (27)
Scrolls
 b - 21 scrolls of teleportation
 c - 9 scrolls of immolation
 f - 17 scrolls of noise
 g - 6 scrolls of fog
 i - 3 scrolls of silence
 m - 2 scrolls of torment
 n - 6 scrolls of amnesia
 o - 5 scrolls of fear
 r - 3 scrolls of blinking
 D - 4 scrolls of vulnerability
 I - 5 scrolls of poison
 N - 27 scrolls of identify
 T - a scroll of butterflies
Potions
 d - 8 potions of enlightenment
 e - 6 potions of brilliance
 h - 8 potions of attraction
 p - 6 potions of mutation
 q - 10 potions of curing
 s - 3 potions of haste
 u - 3 potions of berserk rage
 A - 6 potions of might
 B - 3 potions of lignification
 F - 8 potions of ambrosia
 G - 3 potions of cancellation
 J - 10 potions of heal wounds
 Q - 2 potions of magic
 V - a potion of invisibility
 W - 3 potions of resistance
Miscellaneous
 l - a condenser vane
 t - a phial of floods
 M - a lightning rod (4/4)
 R - a phantom mirror


   Skills:
 + Level 21.5 Fighting
 O Level 27 Dodging
 - Level 12.5 Stealth
 + Level 19.1 Unarmed Combat
 O Level 27 Shapeshifting


You had 24 spell levels left.
You didn't know any spells.
Your spell library contained the following spells:

 Spells                   Type           Power      Damage    Failure   Level
 Apportation              Tloc           0%         N/A       30%         1
 Magic Dart               Conj           0%         1d3       30%         1
 Necrotise                Necr           0%         1d4       30%         1
 Sandblast                Erth           0%         2d4       30%         1
 Slow                     Hex            0%         N/A       30%         1
 Sting                    Tmut/Pois      0%         1d3       30%         1
 Summon Small Mammal      Summ           0%         N/A       30%         1
 Call Imp                 Summ           0%         N/A       43%         2
 Lesser Beckoning         Tloc           0%         N/A       43%         2
 Passwall                 Tmut/Erth      0%         N/A       43%         2
 Poisonous Vapours        Pois/Air       0%         N/A       43%         2
 Scorch                   Fire           0%         2d5       43%         2
 Wereblood                Tmut           0%         N/A       43%         2
 Call Canine Familiar     Summ           0%         N/A       67%         3
 Confusing Touch          Hex            0%         N/A       67%         3
 Dazzling Flash           Conj/Hex       0%         N/A       67%         3
 Frozen Ramparts          Ice            0%         1d1       67%         3
 Gell's Gravitas          Tloc           0%         N/A       67%         3
 Hailstorm                Conj/Ice       0%         3d3       67%         3
 Ignite Poison            Fire/Tmut/Pois 0%         N/A       67%         3
 Inner Flame              Hex/Fire       0%         N/A       67%         3
 Mephitic Cloud           Conj/Pois/Air  0%         N/A       67%         3
 Sigil of Binding         Hex            0%         N/A       67%         3
 Stone Arrow              Conj/Erth      0%         3d7       67%         3
 Summon Guardian Golem    Hex/Summ       0%         N/A       67%         3
 Swiftness                Air            0%         N/A       67%         3
 Teleport Other           Tloc           0%         N/A       67%         3
 Vampiric Draining        Necr           0%         2d6       67%         3
 Anguish                  Hex/Necr       0%         N/A       97%         4
 Brom's Barrelling Bould  Conj/Erth      0%         2d3       97%         4
 Cause Fear               Hex            0%         N/A       97%         4
 Flame Wave               Conj/Fire      0%         2d4       97%         4
 Fulminant Prism          Conj/Hex       0%         3d5       97%         4
 Leda's Liquefaction      Hex/Erth       0%         N/A       97%         4
 Manifold Assault         Tloc           0%         N/A       97%         4
 Olgreb's Toxic Radiance  Pois           0%         N/A       97%         4
 Petrify                  Tmut/Erth      0%         N/A       97%         4
 Sticky Flame             Conj/Fire      0%         2d3       97%         4
 Summon Lightning Spire   Summ/Air       0%         N/A       97%         4
 Vhi's Electric Charge    Tloc/Air       0%         N/A       97%         4
 Fireball                 Conj/Fire      0%         3d3       100%        5
 Freezing Cloud           Conj/Ice/Air   0%         6-21      100%        5
 Lee's Rapid Deconstruct  Erth           0%         3d4*      100%        5
 Metabolic Englaciation   Hex/Ice        0%         N/A       100%        5
 Silence                  Hex/Air        0%         N/A       100%        5
 Summon Forest            Summ/Tloc      0%         N/A       100%        5
 Summon Mana Viper        Hex/Summ       0%         N/A       100%        5
 Yara's Violent Unravell  Hex/Tmut       0%         3d3       100%        5
 Bombard                  Conj/Erth      0%         9d1       100%        6
 Conjure Ball Lightning   Conj/Air       0%         3x3d6     100%        6
 Death Channel            Necr           0%         N/A       100%        6
 Eringya's Noxious Bog    Tmut/Pois      0%         4d6       100%        6
 Enfeeble                 Hex            0%         N/A       100%        7
 Haunt                    Necr/Summ      0%         N/A       100%        7
 Malign Gateway           Summ/Tloc      0%         N/A       100%        7
 Orb of Destruction       Conj           0%         9d5       100%        7
 Ozocubu's Refrigeration  Ice            0%         4d7       100%        7
 Spellforged Servitor     Conj/Summ      0%         N/A       100%        7
 Summon Hydra             Summ           0%         N/A       100%        7
 Borgnjor's Revivificati  Necr           0%         N/A       100%        8
 Discord                  Hex            0%         N/A       100%        8
 Ignition                 Fire           0%         3d3       100%        8
 Lehudib's Crystal Spear  Conj/Erth      0%         10d2      100%        8
 Maxwell's Capacitive Co  Air            0%         ∞         100%        8
 Summon Horrible Things   Summ           0%         N/A       100%        8
 Chain Lightning          Conj/Air       0%         N/A       100%        9
 Death's Door             Necr           0%         N/A       100%        9
 Dragon's Call            Summ           0%         N/A       100%        9
 Fire Storm               Conj/Fire      0%         5d1       100%        9
 Polar Vortex             Ice            0%         N/A       100%        9
 Shatter                  Erth           0%         3d5*      100%        9
 Sublimation of Blood     Necr           Unusable   N/A       N/A         2
 Animate Armour           Summ/Erth      Unusable   N/A       N/A         4
 Dimensional Bullseye     Hex/Tloc       Unusable   N/A       N/A         4
 Simulacrum               Ice/Necr       Unusable   N/A       N/A         6

Dungeon Overview and Level Annotations

Branches:
Dungeon (15/15)            Temple (1/1) D:5            Lair (5/5) D:10
 Shoals (4/4) Lair:3       Spider (4/4) Lair:2        Slime (0/5) Lair:5
    Orc (2/2) D:11            Elf (0/3) Orc:2        Vaults (5/5) D:14
 Depths (4/4) D:15            Zot (5/5) Depths:4     Bailey (visited)
Desolation (visited)      Gauntlet (visited)
  Crypt: Vaults:2-3

Altars:
Ashenzari
Cheibriados
Dithmenos
Elyvilon
Fedhas
Gozag
Hepliaklqana
Kikubaaqudgha
Makhleb
Nemelex Xobeh
Okawaru
Qazlal
Ru
Sif Muna
Trog
Uskayaw
Vehumet
Wu Jian
Xom
Yredelemnul
Zin
The Shining One
Jiyva

Shops:
D:1 ?   D:2 [   D:6 !   D:7 =   D:9 *   D:13 !   Orc:1 *   Orc:2 =(**
Lair:3 *   Lair:4 =   Lair:5 =   Shoals:1 *   Spider:1 =   Vaults:1 ([=
Vaults:2 !   Vaults:3 =   Vaults:4 :   Depths:1 =::

Portals:
Hell: Depths:1 Depths:2 Depths:4
Abyss: D:10 Depths:3
Pandemonium: Depths:1 Depths:2

Annotations:
D:10 2 transporters, DevouringOne's ghost, journeyman DsRe
D:15 3 runed translucent doors, NewUser1's ghost, journeyman TeBe


Innate Abilities, Weirdness & Mutations

You are a lightning-filled tempest!
Your electrical attacks strike out in all directions at once.
You are incredibly evasive.
Your insubstantial body is immune to petrification, constriction, and being set on fire You are flying.
You are immune to poison.
((You have sharp claws.))
((You have razor-sharp teeth.))
You have supernaturally acute eyesight. (SInv)
((You cover ground quickly. (Speed+)))
((Your thick and shaggy fur keeps you warm. (AC +3, rC+)))
((Your paws help you pounce on unaware monsters.))
You are incapable of wielding weapons or throwing items.
You cannot wear armour.
You gain extra lives every three experience levels.


Message History

What level of the Dungeon? (default 1, ? - help)
You feel energetic enough to blinkbolt again.
There is a stone staircase leading up here.
You fly upwards.
There is a stone staircase leading down here.
There is an open door here.
You see here a +0 robe.
You see here a +0 spear.
You see here a +0 club.
There is a stone staircase leading up, spattered with blood here.
You fly upwards.
There is a stone staircase leading down, spattered with blood here.
An Ice Fiend comes into view.
The shock of your passage hits the Ice Fiend!!!
The Ice Fiend is severely wounded.
You blink.
The Ice Fiend completely misses you.
The Ice Fiend claws you but does no damage.
You buffet the Ice Fiend!
The Ice Fiend is severely wounded.
You batter the Ice Fiend!!
You kill the Ice Fiend!
No target in view!
No target in view!
No target in view!
What level of the Dungeon? (default 1, ? - help)
You feel energetic enough to blinkbolt again.
There is a stone staircase leading up here.
You fly upwards.
There is a stone staircase leading down here.
There is a stone staircase leading up here.
You fly upwards.
There is a stone staircase leading down here.
Blink to where?
Press: ? - help, Q - select action, (/) - cycle Dir - move target
As you read the scroll of blinking, it crumbles to dust.
Blink to where?
Press: ? - help, Q - select action, (/) - cycle Dir - move target
As you read the scroll of blinking, it crumbles to dust.
There is a staircase leading out of the dungeon here.
You have escaped!

.................................
.#######.^...###......########...
.# #.................### #.#. .#
#....................#### #... ##
#......######.######....####..
#.....###.......)...###....##..
##..#####...###...###...###...#..
#..# ##...####.....####...##...##
...###..#####...v...#####..##...#
.#.##..## ##.........## ##..##..#
.###..## ##...........## ##..##..
.##..## ##......#......## ##..##.
.#..## ##......###......## ##..#.
##.## ##......## ##......## ##.##
#..# ##......## ##......## #..#
#.####......## ##......####.#
...........## ##...........


There were no monsters in sight!

Vanquished Creatures
  Tiamat (Zot:1)
  A dread lich (Depths:2)
  An orb of fire (Zot:3)
  Mara (Depths:1)
  2 ancient liches (Depths:2)
  A shard shrike (Zig:5)
  3 Killer Klowns (Zot:1)
  Margery (Depths:1)
  2 golden dragons
  the Enchantress (Depths:1)
  2 bone dragons (Depths:4)
  Jory (Vaults:4)
  Arachne (Spider:4)
  6 tentacled monstrosities
  7 Orb Guardians
  2 Ice Fiends
  A walking earthen tome (Depths:3)
  3 liches
  2 titans (Vaults:5)
  2 quicksilver dragons
  3 sphinxes
  5 death cobs
  Kirke (D:14)
  A shadow dragon (Vaults:5)
  8 storm dragons
  3 tengu reavers
  Roxanne (Shoals:4)
  Aizul (Vaults:1)
  6 draconian knights
  Ilsuiw (Shoals:3)
  4 fire giants
  2 deep elf sorcerers (Depths:2)
  3 draconian monks
  2 imperial myrmidons (Desolation)
  A nargun (Zig:5)
  A revenant (Vaults:3)
  2 draconian shifters (Zot:1)
  17 vault wardens
  5 spectral caustic shrikes (Depths:4)
  4 draconian scorchers
  3 iron dragons
  8 emperor scorpions
  5 frost giants
  An orc warlord (Vaults:4)
  A reaper (Depths:1)
  4 angels (Zot:1)
  13 ironbound preservers
  3 draconian annihilators
  9 very ugly things (Depths:3)
  A broodmother (Spider:4)
  2 demonspawn corrupters (D:12)
  A draconian stormcaller (Zot:1)
  15 stone giants
  3 ghost moths (Spider:4)
  6 war gargoyles
  2 formless jellyfish (Vaults:4)
  6 ironbound thunderhulks
  5 spriggan defenders
  5 green draconians
  3 deep elf demonologists
  2 halazid warlocks (Desolation)
  2 white draconians
  3 deep elf annihilators
  3 black draconians
  A minotaur (Gauntlet)
  3 yellow draconians
  7 dire elephants
  3 red draconians
  4 purple draconians
  A deep elf death mage (Vaults:2)
  15 spark wasps
  8 merfolk impalers
  7 ettins
  3 crystal guardians
  8 ragged hierophants (Desolation)
  Snorg (D:12)
  A deep elf high priest (Vaults:5)
  3 fire dragons
  8 yaktaur captains
  Josephine (D:10)
  16 vault guards
  Fannar (D:12)
  5 merfolk javelineers
  4 entropy weavers
  A hell beast (D:5)
  2 ice dragons
  4 great orbs of eyes
  13 peacekeepers
  5 radroaches
  3 jorogumos
  3 rakshasas
  6 servants of whispers (Desolation)
  3 merfolk avatars
  8 hydras
  4 spriggan air magi
  3 alligator snapping turtles
  5 ironbound frosthearts
  8 centaur warriors
  An ogre mage (Vaults:1)
  5 deep troll shamans
  9 two-headed ogres
  A catoblepas (D:14)
  5 satyrs
  A death scarab (Spider:3)
  10 boulder beetles
  3 merfolk aquamancers (Shoals:4)
  5 death yaks
  A tengu warrior (D:14)
  8 deep troll earth magi
  9 spriggan berserkers
  3 demonic crawlers
  6 vampire magi (Depths:2)
  5 occultists
  6 orc high priests (Orc:2)
  A shock serpent (shapeshifter) (Vaults:5)
  A soul eater (Depths:1)
  2 sun demons
  A deep elf knight (Zig:4)
  7 skysharks
  5 hell knights (Depths:1)
  Amaemon (D:9)
  6 iron trolls
  2 skeletal warriors (Vaults:3)
  3 pharaoh ants
  A spark wasp zombie (Depths:3)
  49 deep trolls
  11 sea snakes
  Lodul (D:14)
  A glowing orange brain (D:15)
  10 orb spiders
  3 flayed ghosts (Depths:3)
  A storm dragon skeleton (Depths:2)
  2 shadow demons
  Pikel (D:9)
  12 steelbarb worms
  3 deep elf archers
  3 phantasmal warriors
  8 arcanists
  19 lindwurms
  9 harpies
  3 deep elf pyromancers
  2 spriggan simulacra (D:15)
  A tengu skeleton (Depths:2)
  A golden dragon skeleton (Depths:2)
  4 necromancers
  8 orc knights
  20 ironbound convokers
  A fire giant zombie (Depths:2)
  3 orc sorcerers (Orc:2)
  21 wolf spiders
  44 ugly things
  13 fauns
  A wolf spider (shapeshifter) (Vaults:2)
  14 manticores
  8 cyclopes
  Maurice (D:8)
  6 black mambas
  A kobold blastminer (Orc:2)
  10 moths of wrath
  2 elephants (Lair:4)
  8 vault sentinels
  13 merfolk sirens
  A guardian serpent (Desolation)
  2 water nymphs
  A fire giant skeleton (Depths:2)
  A molten gargoyle (Desolation)
  2 spriggan zombies
  13 cane toads
  A gargoyle (D:14)
  2 unseen horrors
  An orange demon (D:9)
  Psyche (D:8)
  3 torpor snails
  3 rime drakes
  7 tengu conjurers
  3 hellions
  10 komodo dragons
  A freezing wraith (Zig:5)
  A golden dragon simulacrum (Depths:2)
  19 yaktaurs
  An anaconda simulacrum (D:15)
  An ice devil (D:12)
  32 tarantellas
  6 trolls
  23 hornets
  A polar bear (shapeshifter) (D:14)
  10 meliai
  7 wind drakes
  42 merfolk
  A meliai (shapeshifter) (D:15)
  4 polar bears
  8 dream sheep
  57 saltlings (Desolation)
  13 blink frogs
  3 glass eyes
  8 snapping turtles
  42 slime creatures
  24 jumping spiders
  8 water elementals
  4 shadows
  22 culicivoras
  An air elemental (Zig:4)
  5 wraiths
  22 spriggans
  6 wyverns
  3 vampires
  45 yaks
  A chaos spawn (Depths:4)
  A hog (D:14)
  2 steam dragons
  66 redbacks
  Eustachio (D:4)
  3 basilisks
  A minotaur simulacrum (D:15)
  A glowing shapeshifter zombie (Depths:2)
  7 wargs (Orc:2)
  3 acid dragons
  21 orc warriors
  22 water moccasins
  2 ice beasts
  A sky beast (D:7)
  9 black bears
  21 wolves
  13 ogres
  7 boggarts
  3 centaurs
  3 lemures (D:9)
  A phantom (D:5)
  2 kobold brigands
  19 bullfrogs
  2 deep troll simulacra (D:15)
  9 scorpions
  9 wights
  2 lindwurm simulacra (D:15)
  3 killer bees (D:9)
  5 electric eels
  6 howler monkeys
  25 orc priests
  6 hounds
  3 jellies
  7 iguanas
  Natasha (thrice) (D:3)
  34 orc wizards
  10 gnolls
  A gnoll (shapeshifter) (Depths:1)
  5 adders
  3 shadow imps (Gauntlet)
  4 ufetubi
  A worm (D:3)
  2 dart slugs
  93 orcs
  An orc (shapeshifter) (Vaults:5)
  7 ball pythons
  11 endoplasms
  2 giant cockroaches
  10 hobgoblins
  11 jackals
  4 quokkas
  6 bats
  5 frilled lizards
  10 goblins
  11 kobolds
  3 rats
  A butterfly (Zot:1)
1808 creatures vanquished.

Vanquished Creatures (collateral kills)
  A Killer Klown (Zot:5)
  Bai Suzhen (Shoals:4)
  An electric golem (Zot:5)
  2 tentacled monstrosities (Vaults:5)
  3 Orb Guardians (Zot:5)
  A sphinx (Vaults:5)
  A vault warden (Vaults:5)
  An ironbound preserver (Vaults:5)
  A very ugly thing (Vaults:5)
  A deep elf death mage (Vaults:5)
  A yaktaur captain (Vaults:5)
  3 vault guards (Vaults:5)
  An ogre mage (Vaults:5)
  A death drake (shapeshifter) (Vaults:5)
  A deep troll (Vaults:5)
  A deep elf pyromancer (Vaults:5)
  A salamander (shapeshifter) (Vaults:5)
  A moth of wrath (Zot:5)
  A vault sentinel (Vaults:5)
  A culicivora (shapeshifter) (Vaults:5)
  An orc (D:6)
  2 goblins (Bailey)
  A spectral weapon (Shoals:4)
29 creatures vanquished.

Vanquished Creatures (others)
  A dread lich (Vaults:5)
  An ancient lich (Zot:5)
  A tentacled monstrosity (Vaults:5)
  A lich (Vaults:5)
  8 Orb Guardians (Zot:5)
  3 titans (Vaults:5)
  2 quicksilver dragons
  A tengu reaver (Vaults:5)
  A storm dragon (Vaults:5)
  A draconian scorcher (Zot:1)
  A war gargoyle (Vaults:5)
  A very ugly thing (Vaults:5)
  A deep elf demonologist (Vaults:5)
  A deep elf annihilator (Vaults:5)
  A deep elf high priest (Vaults:5)
  An ettin (Vaults:5)
  2 yaktaur captains (Vaults:5)
  16 vault guards (Vaults:5)
  An ogre mage (Vaults:5)
  A merfolk aquamancer (Shoals:2)
  2 deep troll shamans (Vaults:5)
  2 deep troll earth magi (Vaults:5)
  An alligator snapping turtle (Zot:5)
  A dancing weapon (Vaults:5)
  4 hell knights (Vaults:5)
  3 iron trolls (Vaults:5)
  6 deep trolls (Vaults:5)
  A necromancer (Vaults:5)
  3 orc knights (Vaults:5)
  4 vault sentinels (Vaults:5)
  3 yaktaurs (Vaults:5)
  A freezing wraith (Vaults:5)
  A tengu conjurer (Depths:2)
  A troll (Vaults:5)
  A saltling (Desolation)
  2 humans (D:14)
  An orc warrior (Vaults:5)
  2 ogres (Vaults:5)
  An orc priest (Vaults:5)
  7 orcs
  A goblin (Bailey)
  A bat (shapeshifter) (Vaults:5)
95 creatures vanquished.

Grand Total: 1932 creatures vanquished

Notes
Turn   | Place    | Note
-------+----------+-------------------------------------------
     0 | D:1      | Kearsarge the Felid Shapeshifter began the quest for the
                  | Orb.
     0 | D:1      | Reached XP level 1. HP: 9/9 MP: 2/2
   185 | D:1      | Reached skill level 1 in Stealth
   213 | D:1      | Reached XP level 2. HP: 6/12 MP: 3/3
   396 | D:1      | Found a faded altar of an unknown god.
   597 | D:1      | You fall into a shaft and drop 1 floor!
   810 | D:2      | Reached XP level 3. HP: 15/15 MP: 4/4
   886 | D:2      | Found Fazoss's Armour Shoppe.
  1089 | D:1      | Found The Oracle's Delphic Readings.
  1142 | D:1      | Bought a scroll of identify for 28 gold pieces
  1142 | D:1      | Bought a scroll of identify for 28 gold pieces
  1672 | D:3      | Reached XP level 4. HP: 19/19 MP: 5/5
  1759 | D:3      | Found an ornate altar of the Wu Jian Council.
  1865 | D:3      | Found a broken altar of Ashenzari.
  1902 | D:3      | Noticed Natasha
  1909 | D:3      | Killed Natasha
  1910 | D:3      | Reached skill level 5 in Dodging
  1966 | D:3      | Noticed Natasha
  1976 | D:3      | Killed Natasha
  2009 | D:3      | Noticed Natasha
  2102 | D:3      | Killed Natasha
  2103 | D:3      | Reached XP level 5. HP: 22/22 MP: 6/6
  2677 | D:4      | Noticed Eustachio
  2693 | D:4      | Killed Eustachio
  2694 | D:4      | Gained mutation: You are covered in thick fur. (AC +2)
                  | [Felid growth]
  2694 | D:4      | Reached XP level 6. HP: 23/28 MP: 7/7
  2805 | D:5      | Entered Level 5 of the Dungeon
  2813 | D:5      | Found a radiant altar of Vehumet.
  2813 | D:5      | Found a sacrificial altar of Ru.
  2955 | D:5      | Noticed an ice beast
  2976 | D:5      | Killed an ice beast
  2977 | D:5      | Reached XP level 7. HP: 15/33 MP: 8/8
  3106 | D:5      | Reached skill level 5 in Fighting
  3125 | D:5      | Identified a scroll of acquirement
  3138 | D:5      | Acquired a manual of Stealth
  3333 | D:5      | Found a hide-covered altar of Uskayaw.
  3621 | D:5      | Reached skill level 5 in Unarmed Combat
  3723 | D:5      | Reached skill level 5 in Stealth
  3761 | D:5      | Found a staircase to the Ecumenical Temple.
  3765 | Temple   | Entered the Ecumenical Temple
  3779 | Temple   | Became a worshipper of Gozag Ym Sagoz the Greedy
  4306 | D:5      | Reached XP level 8. HP: 32/38 MP: 9/9
  4394 | D:6      | Found Weipt's Distillery.
  4528 | D:1      | Bought a scroll of blinking for 105 gold pieces
  5302 | D:6      | Killed from afar by an acid dragon
  5324 | D:6      | Bought 2 potions of berserk rage for 150 gold pieces
  5324 | D:6      | Bought a potion of curing for 45 gold pieces
  5464 | D:6      | Reached skill level 5 in Shapeshifting
  5619 | D:6      | Reached XP level 9. HP: 42/42 MP: 10/10
  5992 | D:6      | Reached skill level 10 in Stealth
  6080 | D:7      | Found a flagged portal.
  6103 | Bailey   | Entered a bailey
  6122 | Bailey   | Noticed an orc knight
  6125 | Bailey   | Killed an orc knight
  6566 | Bailey   | Slain by an orc warrior
  6702 | Bailey   | Acquired 1011 gold pieces
  6786 | D:7      | Found a glowing golden altar of the Shining One.
  7371 | D:7      | Bought a granite talisman for 840 gold pieces
  7398 | D:7      | Reached XP level 10. HP: 43/47 MP: 11/11
  7725 | D:7      | Found a white marble altar of Elyvilon.
  7977 | D:8      | Noticed Maurice
  8049 | D:8      | Maurice stole a flux talisman
  8055 | D:8      | Maurice stole 126 gold
  8064 | D:8      | Killed Maurice
  8349 | D:8      | Found a basalt altar of Yredelemnul.
  8444 | D:8      | Killed from afar by a steam dragon
  8462 | D:8      | Identified the +1 pair of gloves of the Spider Nest {rF-
                  | Will+ rCorr Str+3}
  8535 | D:8      | Noticed Psyche
  8544 | D:8      | Killed Psyche
  8788 | D:8      | Found a shimmering blue altar of Sif Muna.
  8973 | D:9      | Noticed Pikel
  8988 | D:9      | Killed Pikel
  8989 | D:9      | Reached skill level 10 in Shapeshifting
  9423 | D:9      | Noticed an orange demon
  9424 | D:9      | Noticed Amaemon
  9440 | D:9      | Killed an orange demon
  9443 | D:9      | Killed Amaemon
  9624 | D:9      | Found Bexeng's Lightly-Used Armoury.
  9927 | D:10     | Entered Level 10 of the Dungeon
  9977 | D:10     | Noticed a thrashing horror
  9978 | D:10     | Noticed a cane toad
  9979 | D:10     | Noticed DevouringOne's ghost (journeyman DsRe)
  9996 | D:9      | Reached XP level 11. HP: 52/52 MP: 12/12
 10146 | D:10     | Found a staircase to the Lair.
 10764 | D:10     | Found a transporter.
 10769 | D:10     | Found a transporter.
 10878 | D:10     | Noticed Josephine
 10962 | D:10     | Killed Josephine
 11261 | D:10     | Found a one-way gate to the infinite horrors of the Abyss.
 11474 | D:11     | Noticed a two-headed ogre
 11818 | D:11     | Found a staircase to the Orcish Mines.
 11827 | D:11     | Noticed a two-headed ogre
 11831 | D:11     | Killed a two-headed ogre
 12316 | D:11     | Killed a two-headed ogre
 12317 | D:11     | Reached skill level 15 in Shapeshifting
 12317 | D:11     | Gained mutation: Your thick and shaggy fur keeps you warm.
                  | (AC +3, rC+) [Felid growth]
 12317 | D:11     | Reached XP level 12. HP: 29/56 MP: 13/13
 12494 | D:12     | Noticed a boulder beetle
 12516 | D:12     | Killed a boulder beetle
 12599 | D:12     | Noticed a two-headed ogre
 12603 | D:12     | Killed a two-headed ogre
 12788 | D:12     | Noticed Snorg
 12799 | D:12     | Killed Snorg
 12840 | D:12     | Noticed Fannar
 12853 | D:12     | Killed Fannar
 13007 | D:12     | Noticed a two-headed ogre
 13014 | D:12     | Killed a two-headed ogre
 13046 | D:12     | Noticed a two-headed ogre
 13053 | D:12     | Killed a two-headed ogre
 13162 | D:12     | Reached skill level 10 in Fighting
 13373 | Orc:1    | Entered Level 1 of the Orcish Mines
 13381 | Orc:1    | HP: 1/75 [orc knight/+2 halberd (8)]
 13773 | Lair:1   | Entered Level 1 of the Lair of Beasts
 14715 | Lair:2   | Found a hole to the Spider Nest.
 14764 | Lair:2   | Reached XP level 13. HP: 63/63 MP: 14/14
 15071 | Lair:2   | Reached XP level 14. HP: 67/67 MP: 15/15
 15711 | Lair:3   | Found a staircase to the Shoals.
 17057 | Lair:5   | Entered Level 5 of the Lair of Beasts
 17611 | Lair:5   | Found a viscous altar of Jiyva.
 17613 | Lair:5   | Found a staircase to the Slime Pits.
 17712 | Lair:5   | Got Roizalic's Almanac of the Metamorphic Bonfire
 17713 | Lair:5   | Identified the +5 chain mail "Qoetautu" {Contam rElec Will-
                  | Str+5}
 18726 | Lair:5   | Reached XP level 15. HP: 34/75 MP: 16/16
 19778 | Orc:1    | Found Jeclyle Xia's General Store.
 19811 | Orc:1    | Bought a scroll of teleportation for 51 gold pieces
 19811 | Orc:1    | Bought a scroll of immolation for 68 gold pieces
 19811 | Orc:1    | Bought a scroll of identify for 34 gold pieces
 19811 | Orc:1    | Bought a potion of ambrosia for 136 gold pieces
 20072 | Orc:2    | Entered Level 2 of the Orcish Mines
 20665 | Orc:2    | Found Qais's Jewellery Emporium.
 20696 | Orc:2    | Reached skill level 15 in Fighting
 21062 | Orc:2    | Found a staircase to the Elven Halls.
 21232 | Orc:2    | Found Rohua's Assorted Antiques.
 21239 | Orc:2    | Bought a viscous yellow potion for 33 gold pieces
 21239 | Orc:2    | Bought a scroll of fear for 148 gold pieces
 21239 | Orc:2    | Bought a scroll of fear for 148 gold pieces
 21269 | Orc:2    | Found Kitub's Antique Weapon Shoppe.
 21357 | Orc:2    | Found Oneosomp's General Store.
 21363 | Orc:2    | Bought a scroll of teleportation for 39 gold pieces
 21560 | D:13     | Bought a potion of might for 68 gold pieces
 21560 | D:13     | Bought 2 potions of might for 136 gold pieces
 21560 | D:13     | Bought a potion of might for 68 gold pieces
 21560 | D:13     | Bought a potion of curing for 51 gold pieces
 21560 | D:13     | Bought a potion of curing for 51 gold pieces
 22472 | D:14     | Noticed Lodul
 22480 | D:14     | Killed Lodul
 22551 | D:14     | Noticed Kirke
 22561 | D:14     | Killed Kirke
 22647 | D:14     | Found a gate leading to a gauntlet.
 22676 | Gauntlet | Entered a Gauntlet
 22676 | Gauntlet | Found a transporter.
 22683 | Gauntlet | Found a transporter.
 22685 | Gauntlet | Found a transporter.
 22690 | Gauntlet | Found a runed translucent door.
 22690 | Gauntlet | Found a runed translucent door.
 22695 | Gauntlet | Found a transporter.
 22698 | Gauntlet | Found a transporter.
 22710 | Gauntlet | Found a transporter.
 22723 | Gauntlet | Found a transporter.
 22734 | Gauntlet | Found a transporter.
 22745 | Gauntlet | Found a transporter.
 22746 | Gauntlet | Found a runed translucent door.
 22747 | Gauntlet | Found a runed translucent door.
 22751 | Gauntlet | Found a transporter.
 22778 | Gauntlet | Found a runed translucent gate.
 22779 | Gauntlet | Found a runed translucent gate.
 22779 | Gauntlet | Found a transporter.
 22779 | Gauntlet | Found a transporter.
 22780 | Gauntlet | Found a runed translucent gate.
 22832 | Gauntlet | Found a transporter.
 22832 | Gauntlet | Found a transporter.
 23029 | Gauntlet | Identified the ring "Jedghufo" {EV+5 Dex+6}
 23086 | Gauntlet | Identified the +2 cloak "Jarigg" {-Cast Rampage Regen+}
 23087 | Gauntlet | Got Kikubaaqudgha's Handbook of Unhallowed Rites
 23097 | Gauntlet | Identified the +1 ring mail of the Four Runes {*Corrode
                  | rF+++ Regen+ Slay-3}
 23438 | D:14     | Found a gate to the Vaults.
 23785 | D:15     | Entered Level 15 of the Dungeon
 23785 | D:15     | Found a runed translucent gate.
 23786 | D:15     | Found a runed translucent gate.
 23786 | D:15     | Found a runed translucent gate.
 23821 | D:15     | Noticed NewUser1's ghost (journeyman TeBe)
 23857 | D:15     | Reached XP level 16. HP: 82/82 MP: 17/17
 24002 | D:15     | Found a frozen archway.
 24124 | D:15     | Found a staircase to the Depths.
 24861 | Spider:1 | Entered Level 1 of the Spider Nest
 25100 | Spider:1 | Reached skill level 10 in Unarmed Combat
 25163 | Spider:1 | Reached skill level 10 in Dodging
 25682 | Spider:1 | Bought the ring "Siedghon" {rPois rC+++ Str-4 Dex+7} for
                  | 1092 gold pieces
 27295 | Spider:3 | Reached XP level 17. HP: 86/86 MP: 18/18
 27776 | Spider:3 | Reached skill level 15 in Dodging
 28352 | Spider:4 | Entered Level 4 of the Spider Nest
 28505 | Spider:4 | Noticed Arachne
 28535 | Spider:4 | Killed Arachne
 29200 | Spider:4 | Got a gossamer rune of Zot
 29201 | Spider:4 | Identified the +0 hat of Ru's Pride {Str+6 Int+3}
 29747 | Orc:2    | Bought the ring "Kupin" {Fire rN++ Str+3 Dex+3 Stlth+} for
                  | 926 gold pieces
 29909 | Shoals:1 | Entered Level 1 of the Shoals
 30089 | Shoals:1 | You fall into a shaft and drop 1 floor!
 30240 | Shoals:2 | Reached XP level 18. HP: 90/90 MP: 19/19
 30382 | Shoals:1 | Found Wiped's Assorted Antiques.
 31358 | Shoals:3 | Noticed Ilsuiw
 31374 | Shoals:3 | Killed Ilsuiw
 32320 | Shoals:4 | Entered Level 4 of the Shoals
 32558 | Shoals:4 | Got a barnacled rune of Zot
 32860 | Shoals:4 | Identified the +2 quarterstaff "Polaal" {speed, rC+ Will-
                  | Dex+2}
 32959 | Shoals:4 | Noticed Bai Suzhen
 32965 | Shoals:4 | Killed Bai Suzhen
 33023 | Shoals:4 | Identified the granite talisman "Lysieg" {Will+ Str+2
                  | Slay+2}
 33023 | Shoals:4 | Noticed Roxanne
 33049 | Shoals:4 | Killed Roxanne
 33815 | Vaults:1 | Entered Level 1 of the Vaults
 33925 | Vaults:1 | Found a crumbling gateway.
 33945 | Desolati | Entered the Desolation of Salt
 34218 | Desolati | Reached XP level 19. HP: 94/94 MP: 20/20
 34478 | Desolati | Identified the ring "Emy Ymus" {rElec rF+ rC+ Str+4}
 34718 | Desolati | Identified the +7 trident of Ravage {heavy, *Slow rElec
                  | rF++ Dex+3}
 34718 | Desolati | Identified the +6 plate armour of Okawaru, Rescuing {-Cast
                  | Rampage rC+ Dex+2}
 34791 | Desolati | Got the Handbook of Generation and Distance
 34880 | Desolati | HP: 4/123 [ragged hierophant/a resonance strike (14)]
 35007 | Desolati | Identified the ring of Usich {Wiz rPois rC+ Stlth+}
 35016 | Desolati | Got Gloorx Vloq's Handbook of Debased Ceremonies
 35051 | Desolati | Got Touwkadd's Guidebook on Misfortune
 35355 | Vaults:1 | Bought a storm talisman for 1120 gold pieces
 35439 | Vaults:1 | Identified the serpent talisman of the Turtledove {Str-3
                  | Dex+7}
 35439 | Vaults:1 | Noticed Aizul
 35454 | Vaults:1 | Killed Aizul
 35476 | Vaults:1 | Got the Information on Radiant Vicissitude
 35810 | Vaults:1 | You fall into a shaft and drop 1 floor!
 36115 | Vaults:2 | Found Saekip's Distillery.
 36292 | Vaults:1 | Found Pottyat's Armour Emporium.
 36611 | Vaults:1 | Found Gottest's Antique Weapon Shop.
 36843 | Vaults:2 | Reached XP level 20. HP: 93/99 MP: 21/21
 38306 | Vaults:3 | Found Xafil's Jewellery Shoppe.
 38745 | Vaults:4 | Noticed Jory
 38755 | Vaults:4 | Killed Jory
 38958 | Vaults:4 | Reached skill level 15 in Unarmed Combat
 39134 | Vaults:4 | Acquired 1231 gold pieces
 39210 | Vaults:4 | Found Kiecotz's Book Emporium.
 39703 | Vaults:5 | Entered Level 5 of the Vaults
 39711 | Vaults:5 | Reached XP level 21. HP: 68/107 MP: 22/22
 39773 | Vaults:5 | Identified the +5 glaive "Noulyqem" {pain, *Rage rN+++
                  | Will++ Int-2}
 40025 | Vaults:5 | Identified the +8 scimitar of Hefrocon {venom, MP+9}
 40038 | Vaults:5 | Noticed a dread lich
 40166 | Vaults:5 | Got a silver rune of Zot
 40410 | Vaults:5 | Noticed a dread lich
 40437 | Vaults:5 | Identified the +5 flail of Gomaoh {heavy, Str+3 Dex+5}
 40441 | Vaults:5 | Killed a dread lich
 40447 | Vaults:5 | Identified the +2 arbalest "Heaghuo" {freeze, rPois rC+}
 40642 | Vaults:5 | Identified the ring of Neplime {Will+ Str+3 Dex+3}
 40687 | Vaults:5 | Got the Handbook of Guile
 41257 | Depths:1 | Entered Level 1 of the Depths
 41271 | Depths:1 | Noticed Mara
 41277 | Depths:1 | Noticed Kearsarge's illusion
 41320 | Depths:1 | HP: 1/109 [Kearsarge's illusion (illusionary)[Mara] (39)]
 41418 | Depths:1 | Killed Mara
 41434 | Depths:1 | Noticed the Enchantress
 41449 | Depths:1 | Killed the Enchantress
 41627 | Depths:1 | Found a stormy altar of Qazlal.
 41667 | Depths:1 | Found Cungear's Book Boutique.
 41669 | Depths:1 | Found Ivoehis's Jewellery Emporium.
 41670 | Depths:1 | Found Fotynl Pyuf's Book Boutique.
 41800 | Depths:1 | Found a gateway to Hell.
 41800 | Depths:1 | Noticed Margery
 41816 | Depths:1 | Killed Margery
 41967 | Depths:1 | Found a one-way gate leading to the halls of Pandemonium.
 42356 | Depths:2 | Reached XP level 22. HP: 115/115 MP: 23/23
 42371 | Depths:2 | Got the Octavo of Flammable Fascination
 42426 | Depths:2 | Found a shimmering blue altar of Sif Muna.
 42448 | Depths:2 | Noticed a dread lich
 42449 | Depths:2 | Noticed an ancient lich
 42454 | Depths:2 | Paralysed by a dread lich for 5 turns
 42462 | Depths:2 | Killed an ancient lich
 42466 | Depths:2 | Killed a dread lich
 42548 | Depths:2 | Got the Monograph on Massed Lightning
 42550 | Depths:2 | Got Giysod's Folio of Asceticism
 42560 | Depths:2 | Got Sif Muna's Dissertation on Lightning
 42562 | Depths:2 | Got the Monograph on Variation and Snow
 42841 | Depths:2 | Found a one-way gateway to a ziggurat.
 42842 | Depths:2 | Noticed an ancient lich
 42883 | Depths:2 | Killed an ancient lich
 42913 | Zig:1    | Entered Level 1 of a ziggurat
 42927 | Zig:2    | Entered Level 2 of a ziggurat
 42965 | Zig:3    | Entered Level 3 of a ziggurat
 43010 | Zig:4    | Entered Level 4 of a ziggurat
 43043 | Zig:4    | Got the Essays on Entranced Transition
 43057 | Zig:5    | Entered Level 5 of a ziggurat
 43062 | Zig:5    | Noticed a shard shrike
 43063 | Zig:5    | Identified the ring "Ydag" {Fly rF- rC+ Str+6 Dex+6}
 43068 | Zig:5    | Killed a shard shrike
 43085 | Zig:5    | Identified the +1 robe "Xyjirr" {rC+ rCorr}
 43090 | Zig:6    | Entered Level 6 of a ziggurat
 43126 | Zig:6    | Reached XP level 23. HP: 84/119 MP: 24/24
 43127 | Zig:6    | Reached skill level 27 in Dodging
 43127 | Zig:6    | Reached XP level 24. HP: 88/123 MP: 24/24
 43941 | Depths:3 | Found a basalt altar of Yredelemnul.
 44494 | Depths:4 | Entered Level 4 of the Depths
 44651 | Depths:4 | Found a shadowy altar of Dithmenos.
 44985 | Depths:4 | Found a gate to the Realm of Zot.
 45069 | Zot:1    | Entered Level 1 of the Realm of Zot
 45089 | Zot:1    | Reached XP level 25. HP: 89/127 MP: 24/24
 45168 | Zot:1    | Found a shimmering altar of Xom.
 45168 | Zot:1    | Found a shimmering altar of Xom.
 45168 | Zot:1    | Noticed a Killer Klown
 45169 | Zot:1    | Found a shimmering altar of Xom.
 45169 | Zot:1    | Found a glowing silver altar of Zin.
 45169 | Zot:1    | Found a shimmering altar of Xom.
 45170 | Zot:1    | Noticed a Killer Klown
 45171 | Zot:1    | Found a shimmering altar of Xom.
 45171 | Zot:1    | Noticed a Killer Klown
 45188 | Zot:1    | Killed a Killer Klown
 45191 | Zot:1    | Killed a Killer Klown
 45204 | Zot:1    | Killed a Killer Klown
 45298 | Zot:1    | Found the +4 dragonskin cloak
 45298 | Zot:1    | Noticed Tiamat
 45340 | Zot:1    | Killed Tiamat
 45341 | Zot:1    | Reached skill level 27 in Shapeshifting
 45511 | Zot:3    | Noticed an orb of fire
 45523 | Zot:3    | Killed an orb of fire
 45667 | Zot:5    | Entered Level 5 of the Realm of Zot
 45811 | Zot:5    | Noticed an ancient lich
 45825 | Zot:5    | Noticed a dread lich
 45829 | Zot:5    | Noticed a Killer Klown
 45853 | Zot:5    | Noticed an orb of fire
 45857 | Zot:5    | Noticed a Killer Klown
 45857 | Zot:5    | Noticed a Killer Klown
 45861 | Zot:5    | Noticed a Killer Klown
 45931 | Zot:5    | Noticed a Killer Klown
 45932 | Zot:5    | Got the Orb of Zot
 45933 | Zot:5    | Noticed a Killer Klown
 45933 | Zot:5    | Noticed a Killer Klown
 45933 | Zot:5    | Noticed a Killer Klown
 45933 | Zot:5    | Noticed a Killer Klown
 45933 | Zot:5    | Noticed a Killer Klown
 45933 | Zot:5    | Noticed an orb of fire
 45933 | Zot:5    | Noticed a Killer Klown
 45938 | Zot:5    | Paralysed by a Zot trap for 2 turns
 45940 | Zot:5    | Killed from afar by a Killer Klown
 45941 | Zot:5    | Killed a Killer Klown
 46351 | D:12     | Noticed Ejoem the pandemonium lord
 46541 | D:$      | Escaped with the Orb!

Illustrated notes

Levels and vault maps discovered:
D:1:      dpeg_arrival_central, layout_rooms,
          shapermc_ecumenical_altar_hornbeckon, kennysheep_small_spiral,
          nicolae_nh_oracle_at_delphi
D:2:      layout_loops_ring, serial_shops, nicolae_shop_waterfront
D:3:      layout_rooms, lemuel_tele_altar, mainiacjoe_overflow_cross_hatched,
          uniq_natasha
D:4:      layout_basic, uniq_eustachio
D:5:      layout_basic, nicolae_uskayaw_murder_on_the_dancefloor,
          chequers_temple_overflow_statue_of_worship, temple_hall_moat,
          minmay_misc_feat_tower, dreamdust_princess_corridor,
          grunt_ministairs_4, abandoned_shop, minmay_misc_feat_five
D:6:      layout_gridville, serial_shops, nicolae_shop_stone,
          minmay_chambers_of_fives
D:7:      layout_loops_cross, lemuel_coloured_pillars_altar,
          lemuel_crystal_altar, enter_bailey_5, serial_bayou_pond_e
D:8:      layout_basic, lemuel_crystal_altar, lemuel_doored_altar,
          solitary_fountain, uniq_maurice, uniq_psyche
D:9:      layout_loops_cross, minmay_shop_damaged,
          chequers_serial_rivers_micro_c, uniq_pikel, uniq_amaemon
D:10:     layout_irregular_city, due_lair_maze_entry_diamond,
          gammafunk_ghost_abyssal_escape, uniq_josephine
D:11:     layout_grid_maze, david_orc_3, serial_bayou_ford_a
D:12:     layout_roguey, uniq_fannar, uniq_snorg
D:13:     layout_long_grid
D:14:     layout_long_grid, hellmonk_vaults_attempted_burglary,
          gauntlet_entry_generic, hangedman_glass_teeth, uniq_lodul, uniq_kirke
D:15:     gammafunk_enter_depths_forms, layout_long_grid,
          gammafunk_ghost_tricky_traps, portal_ice_cave_entry_ice_simulacra,
          serial_bayou_pond_e
Temple:   nicolae_temple_bog_church
Lair:1:   layout_gridlike
Lair:2:   layout_cellular_growth, dummy_spider_entry, st_stairs_7
Lair:3:   layout_chaotic_city, shoals_dummy_entry, grunt_megastairs_1,
          serial_bayou_shore_a, infiniplex_staircase_pool
Lair:4:   layout_gridlike, chequers_serial_rivers_small_3, beast_lair_carwin_4
Lair:5:   minmay_lair_end_enchanted_forest, layout_loops_ring, slime_entry_1,
          grunt_megastairs_3, infiniplex_staircase_pool_2
Shoals:1: cheibrodos_shoals_oceanic_diplomacy, layout_shoals, serial_shops, shop
Shoals:2: layout_shoals
Shoals:3: layout_shoals, nicolae_shoals_songs, uniq_ilsuiw
Shoals:4: shoals_end_grunt_ice, layout_shoals, uniq_roxanne, uniq_bai_suzhen
Spider:1: spiders_nest_scorpion_pit
Spider:2: layout_chambers, nicolae_looking_at_the_future
Spider:3: layout_chambers, nicolae_spider_rock_and_or_roll
Spider:4: grunt_spider_rune_island, uniq_arachne
Orc:1:    layout_caves, serial_shops, shop_fountains, abandoned_shop
Orc:2:    st_orc_town, layout_diamond_mine, basic_altar
Vaults:1: portal_desolation_entry_garden, nicolae_vaults_network_quinsquares
          [nicolae_vaults_network_quincunx_subvault,
          nicolae_vaults_network_quincunx_subvault,
          nicolae_vaults_network_quincunx_subvault,
          nicolae_vaults_network_quincunx_subvault],
          nicolae_vaults_shelves_hall, nicolae_vaults_library_corner,
          vaults_mumra_hexcomb, ontoclasm_vaults_pinch, vaults_mumra_lcd,
          nicolae_vaults_network_s, nicolae_vaults_two_Ls, layout_vaults_ring,
          serial_shops, nicolae_shop_rolling_square, shop, uniq_aizul
Vaults:2: nicolae_vaults_lightning_bolt, nicolae_vaults_quadrants,
          ontoclasm_vaults_hangar, nicolae_vaults_oval_intersection,
          nicolae_vaults_storage_closets_3, vaults_room_fours,
          nicolae_vaults_oval_intersection, nicolae_vaults_alarming,
          nicolae_vaults_house_3, layout_vaults_omnibox, serial_shops,
          nicolae_shop_crystal
Vaults:3: nicolae_vaults_network_quincunx
          [nicolae_vaults_network_quincunx_subvault,
          nicolae_vaults_network_quincunx_subvault,
          nicolae_vaults_network_quincunx_subvault,
          nicolae_vaults_network_quincunx_subvault,
          nicolae_vaults_network_quincunx_subvault],
          hangedman_vaults_stretched_pinwheel, nicolae_vaults_three_branches,
          grunt_vaults_trifunnel, nicolae_vaults_border_crossing,
          hangedman_vaults_maws, nicolae_vaults_heist, v_alt_pattern_3,
          ontoclasm_vaults_loading_screen, vaults_dpeg_cross,
          minmay_crypt_entry_simple_round, layout_vaults_omnigrid, serial_shops,
          shop
Vaults:4: nicolae_vaults_mitosis, vaults_room_large_hall, v_misc_2,
          ontoclasm_vaults_eye, nicolae_vaults_double_plus_1, st_more_cells,
          layout_vaults_big_room, serial_shops, nicolae_shop_mannequins,
          uniq_jory
Vaults:5
Depths:1: layout_twisted_cross, grunt_metal_band, grunt_pan_entry_spiral,
          kennysheep_minor_cross, grunt_qazlal_sundering, minmay_shop_grove,
          uniq_enchantress, uniq_mara
Depths:2: evilmike_library_of_no_secrets, layout_basic, enter_ziggurat_c,
          pan_entry, hell_entry, chequers_serial_rivers_room_a,
          infiniplex_staircase_pool_1
Depths:3: minmay_box_of_curves, layout_gridlike, abyss_entry,
          grunt_hell_entry_dis_grunt, nrook_mini_vaults,
          lemuel_zombie_altar_yredelemnul
Depths:4: grunt_zot_entry_funnels, layout_gridlike, grunt_dithmenos_smoke,
          pf_hell_entry_tar_river, nicolae_abyss_entry_one_way_or_another,
          dk_noncrumbling_4, serial_sigils_hangedman_gnaw, serial_bayou_shore_b
Zot:1:    dreamdust_zin_vs_xom, layout_twisted_circle,
          hangedman_elemental_corridor, uniq_tiamat
Zot:2:    layout_misc_corridors, regret_index_zotdec_gossamer_gf
Zot:3:    layout_basic, uniq_grunn
Zot:4:    layout_gridlike, nicolae_tricolors
Zot:5:    layout_gridlike

Skill      XL: |  1  2  3  4  5  6  7  8  9 10 11 12 13 14 15 16 17 18 19 20 21 22 23 24 25 |
---------------+----------------------------------------------------------------------------+-----
Stealth        | 1 2 3 4 5 9 12 | 12.5
Dodging        | 3 4 6 7 13 19 24 25 26 27 | 27.0
Fighting       | 3 4 5 6 7 8 10 11 14 16 18 20 21 | 21.5
Unarmed Combat | 4 5 6 7 12 13 15 18 19 | 19.1
Shapeshifting  | 5 8 11 15 17 19 20 22 23 24 26 27 | 27.0

Action                     |  1- 3 |  4- 6 |  7- 9 | 10-12 | 13-15 | 16-18 | 19-21 | 22-24 | 25-27 || total
---------------------------+-------+-------+-------+-------+-------+-------+-------+-------+-------++-------
  Melee: Unarmed           |   107 |    90 |   286 |   508 |  1038 |  1819 |  1236 |   415 |   241 ||  5740
         Bite              |     4 |    10 |    34 |    82 |   141 |   276 |    85 |       |       ||   632
         Punch             |     1 |     1 |    11 |    22 |    60 |   164 |   169 |    78 |    44 ||   550
 Invoke: Call Merchant     |       |       |     1 |       |     4 |     1 |     1 |       |       ||     7
         Potion Petition   |       |       |       |     1 |       |       |     1 |       |       ||     2
         Bribe Branch      |       |       |       |       |       |       |     1 |       |     2 ||     3
Ability: Blinkbolt         |       |       |       |       |       |       |    58 |    23 |    12 ||    93
  Evoke: Wand              |       |     6 |    12 |    34 |     1 |     7 |       |     1 |     2 ||    63
         Condenser vane    |       |       |       |       |     2 |     1 |     1 |       |       ||     4
         Lightning rod     |       |       |       |       |       |     4 |     4 |       |       ||     8
         Phantom mirror    |       |       |       |       |       |     1 |       |       |       ||     1
    Use: Potion            |     1 |       |     3 |    10 |     3 |     3 |     2 |     2 |     2 ||    26
         Scroll            |     6 |     6 |     6 |    11 |    10 |     3 |     8 |     1 |     6 ||    57
   Stab: Sleeping          |     6 |     6 |    11 |    29 |    22 |    57 |    19 |    10 |       ||   160
         Distracted        |       |     1 |     1 |     6 |    13 |    38 |    40 |     7 |     7 ||   113
         Invisible         |       |       |       |     1 |       |       |       |       |       ||     1
         Confused          |       |       |       |       |     4 |     1 |       |       |       ||     5
 Armour: Skin              |    24 |    28 |    81 |   313 |   752 |   687 |   298 |    48 |    44 ||  2275
  Dodge: Dodged            |    75 |    48 |   185 |   589 |  1916 |  4266 |  2351 |   566 |   321 || 10317
  Block: Other             |    12 |    15 |    54 |   128 |   312 |   236 |    47 |       |       ||   804
         Reflection        |       |     3 |     2 |       |     1 |     7 |       |       |       ||    13
   Form: Blade             |       |       |       |     1 |       |       |       |       |       ||     1
         Statue            |       |       |       |     1 |       |     2 |       |       |       ||     3
                           |       |       |       |       |       |     1 |       |       |       ||     1
         Storm             |       |       |       |       |       |       |     1 |       |       ||     1

Table legend: (Time is in decaauts)
 A = Elapsed time spent in this place.
 B = Non-inter-level travel time spent in this place.
 C = Inter-level travel time spent in this place.
 D = Time resting spent in this place.
 E = Time spent auto-exploring this place.
 F = Levels seen in this place.
 G = Mean time per level.
                   A        B        C        D        E       F      G
               +--------+--------+--------+--------+--------+-----+--------+
         Total |  57304 |  51942 |   5362 |   3652 |  34796 |  54 | 1061.2 |
       Dungeon |  18550 |  15768 |   2782 |   2008 |  10276 |  15 | 1236.7 |
        Temple |     23 |      3 |     20 |      0 |      0 |   1 |   23.0 |
          Lair |   8866 |   8111 |    755 |    525 |   5936 |   5 | 1773.2 |
        Shoals |   5825 |   5335 |    490 |     88 |   3401 |   4 | 1456.2 |
   Spider Nest |   6923 |   6583 |    340 |     13 |   4658 |   4 | 1730.8 |
  Orcish Mines |   2751 |   2551 |    200 |    281 |   1489 |   2 | 1375.5 |
        Vaults |   6790 |   6474 |    316 |      0 |   5104 |   5 | 1358.0 |
        Depths |   3409 |   3188 |    221 |      0 |   2444 |   4 |  852.2 |
           Zot |    935 |    700 |    235 |     63 |    319 |   5 |  187.0 |
      Ziggurat |    235 |    235 |      0 |     15 |     84 |   6 |   39.2 |
        Bailey |    611 |    611 |      0 |    226 |     96 |   1 |  611.0 |
    Desolation |   1750 |   1750 |      0 |    431 |    627 |   1 | 1750.0 |
      Gauntlet |    631 |    631 |      0 |      0 |    360 |   1 |  631.0 |
               +--------+--------+--------+--------+--------+-----+--------+

Top non-repeatable levels by time:
    D:11: 2797 daAuts
  Lair:4: 2515 daAuts
  Lair:5: 2469 daAuts
   Orc:2: 2161 daAuts
Spider:2: 2142 daAuts
Vaults:1: 1912 daAuts
Shoals:4: 1769 daAuts
Desolation: 1750 daAuts
Spider:4: 1698 daAuts
  Lair:2: 1697 daAuts
Shoals:3: 1687 daAuts
    D:10: 1607 daAuts
Spider:3: 1572 daAuts
    D:12: 1530 daAuts
Spider:1: 1511 daAuts
